[Event "4NCL Div 1 2018-19"]
[Site "Daventry"]
[Date "2018.11.10"]
[Round "1"]
[White "Eggleston, David J"]
[Black "Golding, Alex"]
[Result "1-0"]
[ECO "C54"]
[WhiteElo "2408"]
[BlackElo "2263"]
[Annotator "NA"]
[PlyCount "124"]
[EventDate "2018.11.10"]
[EventType "team-tourn"]
[EventCountry "GBR"]
[SourceTitle "playchess.com"]
[Source "ChessBase"]
[SourceQuality "1"]
[TimeControl "40/6000+30:3000+30"]

1. e4 e5 2. Nf3 Nc6 3. Bc4 Bc5 4. c3 Nf6 5. d3 O-O 6. b4 Bb6 7. a4 a6 8. O-O h6 9. h3 d6 10. Nbd2 {[%emt 0:00:28] C54: Giuoco Piano: 4 c3 Nf6, main lines with 5 d4 and 5 d3} Ne7 11. a5 Ba7 12. Re1 Ng6 13. Nf1 Re8 14. Ng3 c6 {[%emt 0:03:10] [#]} 15. Bb3 $146 ({Predecessor:} 15. d4 Be6 {½-½ (15) Becerra Rivero,J (2545)-Arencibia Rodriguez,W (2555) Mondariz 1996}) 15... d5 16. Bb2 Qc7 17. c4 dxe4 18. dxe4 c5 19. b5 b6 20. axb6 Bxb6 21. Nf5 Bb7 22. Qc2 axb5 $14 23. Rxa8 Bxa8 24. cxb5 c4 25. Qxc4 Qxc4 26. Bxc4 Nxe4 27. Rxe4 Bxe4 28. Nd6 Bxf3 29. Bxf7+ Kf8 30. Bxe8 Nf4 31. gxf3 Nxh3+ 32. Kf1 Nxf2 33. Bg6 Nd1 34. Bxe5 Ne3+ 35. Ke2 Nd5 36. Nf5 Nc7 37. Bxg7+ Kg8 38. Bd4 Ba5 39. Nxh6+ Kf8 40. b6 Ne6 41. Be3 Bxb6 42. Bxb6 Nf4+ 43. Kf2 Nxg6 44. Kg3 Kg7 45. Ng4 Ne7 46. Ne3 Kf7 47. Bc5 Nc6 48. Kf4 Ke6 49. Ke4 Ne5 50. f4 Nd7 51. Bd4 Ke7 52. Ng4 Ke6 53. f5+ Kd6 54. Be5+ Ke7 55. Kf4 Nc5 56. Nf2 Kf7 57. Bd4 Nd7 58. Ng4 Ke7 59. Kg5 Kd6 60. Kg6 Ke7 61. Kg7 Kd6 62. Ne5 Nb8 1-0

[Event "4NCL Div 1 2018-19"]
[Site "Daventry"]
[Date "2018.11.10"]
[Round "1"]
[White "Szczepkowska, Karina"]
[Black "Hunt, Adam C"]
[Result "1-0"]
[ECO "E70"]
[WhiteElo "2404"]
[BlackElo "2401"]
[Annotator "ChessBase"]
[PlyCount "121"]
[EventDate "2018.11.10"]
[EventType "team-tourn"]
[EventCountry "GBR"]
[SourceTitle "playchess.com"]
[Source "ChessBase"]
[SourceQuality "1"]
[TimeControl "40/6000+30:3000+30"]

1. d4 Nf6 2. c4 g6 3. Nc3 Bg7 4. e4 d6 5. Bd3 O-O 6. Nge2 e5 7. d5 a5 8. h3 Na6 9. Be3 Bd7 10. Ng3 Ne8 11. O-O c6 12. dxc6 Bxc6 13. Rc1 Nc5 14. Bc2 Nc7 15. Qd2 N7e6 16. Nd5 b5 17. cxb5 Bxb5 18. Rfd1 Nd4 19. Bb1 Rb8 20. Bg5 f6 21. Be3 Nce6 22. Nc3 Ba6 23. Nge2 f5 24. exf5 gxf5 25. Bxd4 exd4 26. Nd5 Qh4 27. Nef4 Nc5 28. g3 Qd8 29. Re1 Rb7 30. b3 Rbf7 31. Qd1 Bb7 32. Bd3 Nxd3 33. Qxd3 Be5 34. Ne6 Qb8 35. Ndf4 Rc8 36. Qd2 Rc3 37. Nxd4 Rxc1 38. Rxc1 Qa7 39. Nc6 Qa8 40. Qd5 Bxf4 41. gxf4 Qf8 42. Kh2 Qh6 43. Rg1+ Kf8 44. Rg5 Qf6 45. Qc4 Qb2 46. Qd4 Qxd4 47. Nxd4 Be4 48. f3 Bd3 49. Rg2 Ke8 50. Rg8+ Ke7 51. Ra8 Kf6 52. Rxa5 Rc7 53. Rd5 Ke7 54. a4 Rc5 55. Nc6+ Rxc6 56. Rxd3 Rb6 57. Kg3 Rb4 58. Kh4 Rxf4+ 59. Kg5 Rb4 60. Kxf5 Rh4 61. f4 1-0

[Event "4NCL Div 1 2018-19"]
[Site "Daventry"]
[Date "2018.11.10"]
[Round "1"]
[White "Bates, Richard A"]
[Black "Kulon, Klaudia"]
[Result "0-1"]
[ECO "E62"]
[WhiteElo "2378"]
[BlackElo "2327"]
[Annotator "NA RC"]
[PlyCount "80"]
[EventDate "2018.11.10"]
[EventType "team-tourn"]
[EventCountry "GBR"]
[SourceTitle "playchess.com"]
[Source "ChessBase"]
[SourceQuality "1"]
[TimeControl "40/6000+30:3000+30"]

1. d4 Nf6 2. Nf3 g6 3. g3 Bg7 4. Bg2 O-O 5. O-O d6 6. c4 Nc6 7. Nc3 e5 8. d5 Nb8 9. e4 a5 {[%emt 0:01:49] E62: Königsindisch (6...Sc6)} 10. Ne1 Na6 11. Nd3 Nd7 12. Be3 f5 (12... Ndc5 13. Nxc5 Nxc5 14. Qd2 f5 15. exf5 gxf5 16. f4 e4 {1-0 (50) Svidler,P (2753)-Yu,Y (2759) Shenzhen 2018}) 13. Qd2 Nf6 14. f3 $146 ({Vorgänger:} 14. Bg5 Qe8 15. Rae1 Nh5 16. Be3 b6 17. f4 {½-½ (59) Mica,M (2100)-Vybiral,Z (2269) Stare Mesto 2018}) 14... b6 15. Kh1 Nc5 16. exf5 gxf5 17. Rae1 Bd7 18. b3 Qe8 19. Bxc5 bxc5 $11 20. Nf4 Qf7 21. Ne6 Bxe6 22. dxe6 Qxe6 23. g4 Rac8 24. f4 fxg4 25. fxe5 dxe5 26. Qg5 e4 27. Qxc5 Kh8 28. Qxa5 c5 29. Nxe4 Nxe4 30. Rxf8+ Rxf8 31. Bxe4 Re8 32. Qxc5 Bc3 33. Qh5 Re7 34. Re2 Qf6 35. Bf5 Qd4 36. Bxg4 Qf4 37. Kg2 Bd4 38. Bf3 Be5 39. Bd5 Rg7+ 40. Kh3 Rg3+ 0-1

[Event "4NCL Div 1 2018-19"]
[Site "Daventry"]
[Date "2018.11.10"]
[Round "1"]
[White "Seger, Ruediger"]
[Black "Head, Louise"]
[Result "1/2-1/2"]
[ECO "B17"]
[WhiteElo "2349"]
[BlackElo "2237"]
[Annotator "NA RC"]
[PlyCount "61"]
[EventDate "2018.11.10"]
[EventType "team-tourn"]
[EventCountry "GBR"]
[SourceTitle "playchess.com"]
[Source "ChessBase"]
[SourceQuality "1"]
[TimeControl "40/6000+30:3000+30"]

1. e4 c6 2. d4 d5 3. Nd2 dxe4 4. Nxe4 Nd7 5. Ng5 Ngf6 6. Bd3 g6 7. N1f3 Bg7 8. Qe2 O-O 9. Ne5 Nxe5 10. dxe5 Nd5 11. O-O h6 12. Nf3 Bg4 13. h3 Bxf3 14. Qxf3 Bxe5 15. Bxh6 Bg7 16. Bxg7 Kxg7 17. Rfe1 e6 18. c4 $11 Nf6 19. Bf1 Qc7 20. Qc3 Rad8 21. Re4 Qe7 22. Rae1 Kg8 23. Rh4 Nh5 24. g3 Qf6 25. Qb4 Rd7 26. Be2 Ng7 27. Rf4 Qe7 28. Qc3 c5 29. Bd3 Rfd8 30. Re3 Rd4 31. Ref3 1/2-1/2

[Event "4NCL Div 1 2018-19"]
[Site "Daventry"]
[Date "2018.11.10"]
[Round "1"]
[White "Littlewood, Paul E"]
[Black "Pozimski, Szymon"]
[Result "1-0"]
[ECO "E56"]
[WhiteElo "2343"]
[BlackElo "1999"]
[Annotator "NA"]
[PlyCount "95"]
[EventDate "2018.11.10"]
[EventType "team-tourn"]
[EventCountry "GBR"]
[SourceTitle "playchess.com"]
[Source "ChessBase"]
[SourceQuality "1"]
[TimeControl "40/6000+30:3000+30"]

1. d4 Nf6 2. c4 e6 3. Nc3 d5 4. cxd5 Nxd5 5. Nf3 c5 6. e3 Be7 7. Bd3 Nc6 8. O-O Nf6 9. a3 O-O 10. dxc5 Bxc5 11. b4 {[%emt 0:00:12] E56: Nimzo-Indian: Rubinstein: Main Line: 7...Nc6} (11. Qc2 Qe7 12. b4 Bd6 13. Bb2 Ne5 14. Nxe5 Bxe5 15. Rfd1 Bd7 16. f4 Bxc3 17. Bxc3 Rac8 18. Qb2 Ba4 {½-½ (73) Ashwin,J (2484)-Korley,K (2385) Charlotte 2018}) 11... Bd6 12. Bb2 e5 $146 ({Predecessor:} 12... Qe7 13. Ne4 Nxe4 14. Bxe4 f5 15. Bc2 b6 16. e4 Bb7 17. exf5 exf5 18. Re1 Qd8 19. Qd5+ Kh8 20. Rad1 Bf4 21. Qd7 {1-0 (21) Orzechowski,J (2242)-Olsar,J (2309) Karvina 2003}) 13. Ne4 Nxe4 14. Bxe4 Qe7 15. Qc2 Bg4 16. b5 Nd8 17. Bxh7+ Kh8 18. Bf5 Bxf3 19. gxf3 g6 20. Bh3 Qh4 21. Bg2 Ne6 22. f4 Rac8 23. Qe4 Kh7 24. fxe5 Qxe4 25. Bxe4 Bb8 26. Rac1 Nc5 27. Bb1 Rfe8 28. f4 b6 29. Rc4 f6 30. exf6 Rxe3 31. f7 Rb3 32. Bf6 Rf8 33. f5 Rxb1 34. Rxb1 g5 35. Be7 Rxf7 36. Bxc5 bxc5 37. Rxc5 Bc7 38. Kg2 Bd6 39. Rd5 Bxa3 40. Ra1 Bb2 41. Ra6 Bc1 42. Rad6 Kg7 43. Rd7 Be3 44. Kf3 $18 (44. Rxf7+ $142 Kxf7 45. Kf3) 44... Bg1 45. h3 Kf6 46. Rxf7+ Kxf7 47. Kg4 Be3 48. Rd6 1-0

[Event "4NCL Div 1 2018-19"]
[Site "Daventry"]
[Date "2018.11.10"]
[Round "1"]
[White "Ansell, Simon T"]
[Black "Maciol, Ryszard"]
[Result "1/2-1/2"]
[ECO "A47"]
[WhiteElo "2336"]
[BlackElo "2120"]
[Annotator "RC"]
[PlyCount "79"]
[EventDate "2018.11.10"]
[EventType "team-tourn"]
[EventCountry "GBR"]
[SourceTitle "playchess.com"]
[Source "ChessBase"]
[SourceQuality "1"]
[TimeControl "40/6000+30:3000+30"]

1. d4 e6 2. Nf3 Nf6 3. Bf4 b6 4. e3 Bb7 5. h3 Be7 6. Bd3 c5 7. c3 d6 8. O-O O-O 9. Bh2 Qd7 10. Nbd2 Nc6 11. Qe2 Rfd8 12. Rfd1 Bf8 13. e4 Qe7 14. e5 dxe5 15. dxe5 Ne8 16. Nc4 g6 17. a4 Qc7 18. Bf4 Bg7 19. Bc2 Rxd1+ 20. Rxd1 Rd8 21. Rxd8 Nxd8 22. h4 Qd7 23. h5 Bc6 24. hxg6 hxg6 25. b3 Nc7 26. Ng5 Nd5 27. Bd2 Nb7 28. Qd3 b5 29. axb5 Bxb5 30. Nf3 Na5 31. Qe4 Bxc4 32. bxc4 Nb6 33. Be3 Naxc4 34. Bxc5 Nd2 35. Nxd2 Qxd2 36. Bd4 Qc1+ 37. Kh2 Qh6+ 38. Kg1 Qc1+ 39. Kh2 Qh6+ 40. Kg1 1/2-1/2

[Event "4NCL Div 1 2018-19"]
[Site "Daventry"]
[Date "2018.11.10"]
[Round "1"]
[White "Povah, Nigel E"]
[Black "Connell, Blair N"]
[Result "1-0"]
[ECO "D02"]
[WhiteElo "2326"]
[BlackElo "2246"]
[Annotator "NA"]
[PlyCount "75"]
[EventDate "2018.11.10"]
[EventType "team-tourn"]
[EventCountry "GBR"]
[SourceTitle "playchess.com"]
[Source "ChessBase"]
[SourceQuality "1"]
[TimeControl "40/6000+30:3000+30"]

1. d4 d5 2. Bf4 Nf6 3. e3 c5 4. c3 Nc6 5. Nd2 e6 6. Ngf3 cxd4 7. exd4 Nh5 8. Be3 Bd6 9. Ne5 g6 10. f4 f6 11. Nd3 Ng7 12. Qf3 O-O 13. O-O-O e5 14. dxe5 fxe5 15. Qxd5+ Be6 16. Qe4 Bf5 17. Qc4+ Be6 18. Qa4 Qc7 19. fxe5 Bxe5 20. Nc4 Bf6 21. Bf4 Qc8 22. Nd6 Qd8 23. Nxb7 Qb6 24. Ndc5 Bg4 25. Rd2 Rfe8 26. Bb5 Rac8 27. Qc4+ Kh8 28. Nd6 Ne5 29. Bxe5 Be6 30. Nxc8 Rxc8 31. Na4 Qe3 32. Qxc8+ Bxc8 33. Bxf6 h6 34. Bd4 Qg5 35. Nc5 Kh7 36. Bd3 Qd5 37. Re1 Bf5 38. Re7 1-0

[Event "4NCL Div 1 2018-19"]
[Site "Daventry"]
[Date "2018.11.10"]
[Round "1"]
[White "Franklin, Samuel G A"]
[Black "Mihalik, Agoston"]
[Result "1-0"]
[ECO "B80"]
[WhiteElo "2316"]
[BlackElo "2223"]
[Annotator "NA"]
[PlyCount "57"]
[EventDate "2018.11.10"]
[EventType "team-tourn"]
[EventCountry "GBR"]
[SourceTitle "playchess.com"]
[Source "ChessBase"]
[SourceQuality "1"]
[TimeControl "40/6000+30:3000+30"]

1. e4 c5 2. Nf3 d6 3. d4 cxd4 4. Nxd4 Nf6 5. Nc3 a6 6. f3 e6 7. Be3 b5 8. Qd2 Bb7 9. O-O-O b4 10. Nce2 d5 {[%emt 0:01:05] [#]} 11. e5 $1 Nfd7 12. f4 Be7 13. Kb1 O-O 14. g4 a5 15. g5 Na6 16. h4 $11 a4 17. h5 b3 18. cxb3 Ndc5 19. Bg2 Qb6 20. f5 axb3 21. a3 Rfe8 22. fxe6 fxe6 23. g6 Nc7 24. h6 Nb5 25. Nxb5 Qxb5 26. Nd4 Qa6 27. gxh7+ Kh8 28. hxg7+ Kxg7 29. Bf1 1-0

[Event "4NCL Div 1 2018-19"]
[Site "Daventry"]
[Date "2018.11.10"]
[Round "1"]
[White "McKay, Roderick M"]
[Black "Plat, Vojtech"]
[Result "0-1"]
[ECO "C41"]
[WhiteElo "2309"]
[BlackElo "2543"]
[Annotator "ChessBase"]
[PlyCount "44"]
[EventDate "2018.11.10"]
[EventType "team-tourn"]
[EventCountry "GBR"]
[SourceTitle "playchess.com"]
[Source "ChessBase"]
[SourceQuality "1"]
[TimeControl "40/6000+30:3000+30"]

1. d4 d6 2. e4 Nf6 3. Nc3 e5 4. Nf3 Nbd7 5. Rg1 c6 6. g4 g6 7. Be3 Bg7 8. g5 Nh5 9. Qd2 O-O 10. O-O-O b5 11. dxe5 b4 12. Nb1 Qa5 13. a3 Nxe5 14. axb4 Qa1 15. Nxe5 Bxe5 16. c3 a5 17. f4 Bg7 18. b5 a4 19. Bd4 Be6 20. Bxg7 Nxg7 21. b6 Rfb8 22. Qxd6 a3 0-1

[Event "4NCL Div 1 2018-19"]
[Site "Daventry"]
[Date "2018.11.10"]
[Round "1"]
[White "Rogers, Jonathan W"]
[Black "Kett, Tim"]
[Result "1-0"]
[ECO "C47"]
[WhiteElo "2299"]
[BlackElo "2206"]
[Annotator "NA"]
[PlyCount "53"]
[EventDate "2018.11.10"]
[EventType "team-tourn"]
[EventCountry "GBR"]
[SourceTitle "playchess.com"]
[Source "ChessBase"]
[SourceQuality "1"]
[TimeControl "40/6000+30:3000+30"]

1. e4 e5 2. Nf3 Nc6 3. Nc3 Nf6 4. Be2 d5 5. exd5 Nxd5 6. O-O Nxc3 7. bxc3 Bd6 8. d4 exd4 9. cxd4 O-O 10. Rb1 b6 11. Bg5 Qd7 12. c4 Nd8 13. c5 bxc5 14. dxc5 Bxc5 15. Qc2 $14 Ne6 16. Rfd1 Qe8 17. Bc4 h6 18. Bh4 g5 19. Bxe6 Bxe6 20. Bxg5 hxg5 21. Nxg5 f5 22. Re1 Rf6 23. Qxc5 Qg6 24. Qc6 Re8 25. h4 f4 26. h5 Bd7 27. Qd5+ 1-0

[Event "4NCL Div 1 2018-19"]
[Site "Daventry"]
[Date "2018.11.10"]
[Round "1"]
[White "Abbas, Daniel"]
[Black "Sygnowski, Tomasz"]
[Result "1-0"]
[ECO "C08"]
[WhiteElo "2281"]
[BlackElo "2153"]
[Annotator "NA"]
[PlyCount "83"]
[EventDate "2018.11.10"]
[EventType "team-tourn"]
[EventCountry "GBR"]
[SourceTitle "playchess.com"]
[Source "ChessBase"]
[SourceQuality "1"]
[TimeControl "40/6000+30:3000+30"]

1. e4 e6 2. d4 d5 3. Nd2 c5 4. exd5 exd5 5. Ngf3 Nf6 6. Bb5+ Nc6 7. O-O Be7 8. dxc5 O-O 9. Nb3 Bg4 10. h3 {[%emt 0:12:38] C08: French Tarrasch: 3...c5 4 exd5 exd5 sidelines} Bh5 11. Be3 (11. Be2 Ne4 12. Be3 Re8 13. c3 Bf6 14. Nfd2 Bxe2 15. Qxe2 Bg5 16. Nxe4 Rxe4 17. Bxg5 Rxe2 18. Bxd8 Rxd8 {½-½ (47) Wang,Y (2369)-Gunina,V (2462) Ningbo 2010}) 11... Qc7 12. Be2 Rfd8 $146 ({Predecessor:} 12... Rfe8 13. c3 Rad8 14. Qc2 Ne4 15. Rfe1 Bf6 16. Nfd4 Bg6 17. Qc1 a6 18. Nxc6 Qxc6 {1-0 (38) Lazar,A (2305)-Pukl,D (2072) Slovenia 2013}) 13. Nfd4 Bg6 14. Nb5 Qd7 15. Bf4 Ne4 16. Bg4 Bf5 17. Bf3 Nxc5 18. Nc7 Rac8 19. Nxd5 Nxb3 20. axb3 Bc5 21. Bg5 Nd4 22. Bxd8 Bxc2 23. Qd2 Rxd8 24. Rac1 Qf5 25. Rxc2 Nxf3+ 26. gxf3 Qxd5 27. Qxd5 Rxd5 28. b4 Bb6 29. Rc8+ Bd8 30. Ra1 g6 31. Rxa7 Kg7 32. Rxb7 Bh4 33. Rcc7 Rf5 34. Kg2 Rg5+ 35. Kf1 Rf5 36. Ke2 Re5+ 37. Kf1 Rf5 38. Rc3 Rd5 39. Rbc7 Bf6 40. Rb3 Bd8 41. Rc5 Rd2 42. Ke1 $18 1-0

[Event "4NCL Div 1 2018-19"]
[Site "Daventry"]
[Date "2018.11.10"]
[Round "1"]
[White "Townsend, M Paul"]
[Black "Coathup, Roger H"]
[Result "1-0"]
[ECO "E94"]
[WhiteElo "2240"]
[BlackElo "2162"]
[Annotator "NA"]
[PlyCount "109"]
[EventDate "2018.11.10"]
[EventType "team-tourn"]
[EventCountry "GBR"]
[SourceTitle "playchess.com"]
[Source "ChessBase"]
[SourceQuality "1"]
[TimeControl "40/6000+30:3000+30"]

1. d4 Nf6 2. c4 g6 3. Nc3 Bg7 4. e4 d6 {[%emt 0:00:00] LiveBook: 52304 Games} 5. Nf3 O-O 6. Be2 c6 7. O-O e5 8. d5 Na6 9. Bg5 h6 {[%emt 0:03:40] E94: King's Indian: Classical: 6 Be2 e5 7 0-0: Various Black 7th moves} 10. Bh4 c5 11. Nd2 Nc7 12. a3 Qe8 13. b4 b6 {[%emt 0:00:12] [#]} 14. Rb1 $146 ({Predecessor:} 14. bxc5 bxc5 15. Qa4 Qxa4 16. Nxa4 Bd7 17. Nc3 {1-0 (56) Khalifman,A (2613)-Sepp,O (2411) Tallinn 2015}) 14... h5 15. bxc5 bxc5 16. f3 Nh7 17. Qe1 Bh6 18. Nb5 Nxb5 19. cxb5 Be3+ 20. Kh1 Bxd2 21. Qxd2 f5 22. a4 f4 23. a5 g5 24. Bf2 Rf7 25. b6 axb6 26. Rxb6 Qd8 27. Rfb1 Rfa7 28. Be1 Nf6 29. Qb2 Qe7 30. Rb8 Nd7 31. Rxa8 Rxa8 32. Bb5 Qd8 33. Qa2 Qc7 34. Bc6 Rb8 35. h3 Rxb1 36. Qxb1 g4 37. Qb5 gxh3 38. gxh3 Qa7 39. Qf1 Nb8 40. Qg2+ Kh7 41. Be8 Qg7 42. Bxh5 Na6 43. Qxg7+ Kxg7 44. Bg4 Bb7 45. Bd7 Nb4 46. Bb5 Na6 47. Kg2 Nc7 48. Ba4 (48. Bf1 $142) 48... Ba6 49. Bh4 Kf7 50. Kf2 (50. Bd1 $18) 50... Bc8 $2 (50... Nb5 51. Ke1 Nc3) 51. Bd8 Na6 52. Bb5 Nb4 53. h4 Bb7 54. h5 Nxd5 55. Bc4 1-0

[Event "4NCL Div 1 2018-19"]
[Site "Daventry"]
[Date "2018.11.10"]
[Round "1"]
[White "Willow, Jonah B"]
[Black "Ashton, Adam G"]
[Result "1/2-1/2"]
[ECO "C49"]
[WhiteElo "2224"]
[BlackElo "2332"]
[Annotator "NA"]
[PlyCount "86"]
[EventDate "2018.11.10"]
[EventType "team-tourn"]
[EventCountry "GBR"]
[SourceTitle "playchess.com"]
[Source "ChessBase"]
[SourceQuality "1"]
[TimeControl "40/6000+30:3000+30"]

1. e4 e5 2. Nf3 Nc6 3. Nc3 Nf6 4. Bb5 Bb4 5. O-O O-O 6. d3 Bxc3 7. bxc3 d6 8. Bg5 Qe7 9. Re1 a6 {[%emt 0:01:02] C49: Four Knights: 4 Bb5 Bb4} 10. Bc4 Na5 11. Bd5 $146 ({Predecessor:} 11. Bb3 h6 12. Bh4 Nxb3 13. cxb3 g5 14. Bg3 Bg4 15. d4 Nd7 16. Qd3 Bxf3 17. Qxf3 {1-0 (72) Sunilduth Lyna,N (2573)-Tarjan,J (2432) Caleta 2018}) 11... c6 12. Bb3 h6 13. Bd2 Nxb3 14. axb3 Be6 15. c4 Nd7 16. Bc3 Bg4 17. h3 Bh5 18. d4 Rad8 19. b4 Bxf3 20. Qxf3 exd4 21. Bxd4 c5 22. Bc3 Ne5 23. Bxe5 dxe5 24. b5 Qe6 25. Ra4 axb5 26. cxb5 Rd4 27. Rea1 Rfd8 28. Qa3 b6 29. Ra8 Kh7 30. Rxd8 Rxd8 31. Qf3 Rd7 32. Ra6 g6 33. h4 h5 34. Kh2 Kg7 35. c3 Rd2 36. Ra8 c4 37. Qe3 Rd3 38. Qg5 Rd7 39. Rc8 Rd6 40. Rc7 Rd3 41. Rc6 Rd6 $11 42. Rc7 Rd3 43. Rc6 Rd6 1/2-1/2

[Event "4NCL Div 1 2018-19"]
[Site "Daventry"]
[Date "2018.11.10"]
[Round "1"]
[White "Blackburn, Jonathan L B"]
[Black "Griffiths, Ryan Rhys"]
[Result "0-1"]
[ECO "E21"]
[WhiteElo "2212"]
[BlackElo "2358"]
[Annotator "NA"]
[PlyCount "38"]
[EventDate "2018.11.10"]
[EventType "team-tourn"]
[EventCountry "GBR"]
[SourceTitle "playchess.com"]
[Source "ChessBase"]
[SourceQuality "1"]
[TimeControl "40/6000+30:3000+30"]

1. d4 Nf6 2. c4 e6 3. Nc3 Bb4 4. Nf3 b6 {[%emt 0:00:12] LiveBook: 4698 Games} 5. Qb3 c5 6. Bg5 h6 7. Bh4 Nc6 8. e3 cxd4 9. Nxd4 Nxd4 10. exd4 Be7 11. Rd1 Bb7 12. d5 Nxd5 13. cxd5 Bxh4 14. dxe6 $17 fxe6 15. Bb5 O-O 16. Rxd7 Qg5 17. Rxb7 Rxf2 18. Ne2 Rf3+ 19. g3 Rxb3 0-1

[Event "4NCL Div 1 2018-19"]
[Site "Daventry"]
[Date "2018.11.10"]
[Round "1"]
[White "Bremner, Adam"]
[Black "Bulmaga, Irina"]
[Result "0-1"]
[ECO "E15"]
[WhiteElo "2210"]
[BlackElo "2386"]
[Annotator "NA"]
[PlyCount "124"]
[EventDate "2018.11.10"]
[EventType "team-tourn"]
[EventCountry "GBR"]
[SourceTitle "playchess.com"]
[Source "ChessBase"]
[SourceQuality "1"]
[TimeControl "40/6000+30:3000+30"]

1. d4 Nf6 2. c4 e6 3. Nf3 b6 4. g3 Ba6 5. Qc2 Bb4+ 6. Bd2 {[%emt 0:00:30] E15: Queen's Indian: 4 g3 sidelines, 4 g3 Ba6 and 4 g3 Bb7 early deviations} Bxd2+ (6... Be7 7. Bg2 c6 8. O-O d5 9. b3 Nbd7 10. Bc3 dxc4 11. Bb2 cxb3 12. axb3 Bb7 13. Nbd2 Nd5 14. Ne5 Nb4 15. Qc1 O-O 16. Rd1 a5 17. Ndc4 Nf6 {½-½ (58) Adhiban,B (2666)-Zhigalko,S (2671) Doha 2016}) 7. Nbxd2 d5 8. cxd5 exd5 9. Rc1 c6 10. Ne5 O-O 11. e3 Bxf1 12. Kxf1 Re8 13. Kg2 $146 ({Predecessor:} 13. Nd3 a5 {1-0 (53) Berczes,D (2512)-Rigo,J (2325) Harkany 2009}) 13... c5 14. Rhd1 c4 15. Qf5 Nbd7 16. Nxd7 Qxd7 17. Qxd7 Nxd7 18. e4 b5 19. e5 Nb6 20. f4 Na4 21. Rc2 b4 22. Nf1 a5 23. Ne3 Red8 24. Rdc1 h6 25. g4 Rab8 26. b3 cxb3 27. axb3 Nc3 28. Nf5 Kf8 29. Kf3 Rdc8 30. Ne3 Rd8 31. Nf5 Ra8 32. Rb2 Rdc8 33. Ne3 Rd8 34. Nf5 a4 35. bxa4 Rxa4 36. Rb3 Rda8 37. Kg2 Ra2+ 38. Kh3 R2a3 39. Rxa3 bxa3 40. Rxc3 a2 41. Rc1 a1=Q 42. Rxa1 Rxa1 43. Kg3 Ra4 44. Kf3 g6 45. Nxh6 Rxd4 46. h4 Rd3+ 47. Ke2 Rh3 48. h5 gxh5 49. gxh5 Rxh5 50. Ng4 Ke7 51. Nf6 Rh2+ 52. Ke3 Ke6 53. Ne8 Kd7 54. Nf6+ Kc6 55. f5 Rh3+ 56. Kf4 d4 57. e6 $19 fxe6 58. fxe6 Re3 59. Ne4 Kd5 60. Ng5 Re5 61. Kg4 d3 62. Nh3 d2 0-1

[Event "4NCL Div 1 2018-19"]
[Site "Daventry"]
[Date "2018.11.10"]
[Round "1"]
[White "Dargan, Paul A G"]
[Black "Chow, Samuel"]
[Result "0-1"]
[ECO "C06"]
[WhiteElo "2207"]
[BlackElo "2326"]
[Annotator "NA"]
[PlyCount "66"]
[EventDate "2018.11.10"]
[EventType "team-tourn"]
[EventCountry "GBR"]
[SourceTitle "playchess.com"]
[Source "ChessBase"]
[SourceQuality "1"]
[TimeControl "40/6000+30:3000+30"]

1. e4 e6 2. d4 d5 3. Nd2 Nf6 4. e5 Nfd7 5. c3 c5 6. Bd3 Nc6 7. Ne2 cxd4 8. cxd4 f6 9. exf6 Qxf6 10. O-O Bd6 11. Nf3 h6 12. Ng3 O-O 13. Bc2 {[%emt 0:02:51] C06: French Tarrasch: 3...Nf6 4 e5 Nfd7 5 Bd3 main lines} Rf7 14. Be3 Nf8 15. Qd2 {[%emt 0:09:08] LiveBook: 5 Games [#]} Rc7 $146 ({Predecessor:} 15... Bd7 16. Nh5 Qd8 17. Bf4 Be8 18. Bxd6 Qxd6 19. Ng3 Qb4 20. Rad1 Qxd2 21. Rxd2 {½-½ (44) Spasov,V (2579)-Rusev,K (2521) Plovdiv 2008}) 16. Nh5 Qf7 17. Bf4 {[%emt 0:01:57] [#]} e5 $1 18. dxe5 Bb4 19. e6 Qxh5 20. Qd3 Re7 21. a3 Ba5 ({Weaker is} 21... Nxe6 22. Bg3 $17) 22. Bd6 Rxe6 23. Bxf8 Kxf8 24. Qh7 $19 Kf7 25. Rad1 Rf6 26. Bb3 Be6 27. Rd3 Rd8 28. Rfd1 Rg6 29. Bc2 Rxg2+ 30. Kxg2 Bf5 31. Rxd5 Qg4+ 32. Kf1 Bxh7 33. Rxd8 Bxd8 0-1

[Event "4NCL Div 1 2018-19"]
[Site "Daventry"]
[Date "2018.11.10"]
[Round "1"]
[White "Hansen, Hans-Peter"]
[Black "Fitzsimons, David"]
[Result "0-1"]
[ECO "E94"]
[WhiteElo "2192"]
[BlackElo "2301"]
[Annotator "ChessBase"]
[PlyCount "112"]
[EventDate "2018.11.10"]
[EventType "team-tourn"]
[EventCountry "GBR"]
[SourceTitle "playchess.com"]
[Source "ChessBase"]
[SourceQuality "1"]
[TimeControl "40/6000+30:3000+30"]

1. c4 Nf6 2. Nc3 g6 3. e4 d6 4. d4 Bg7 5. Be2 O-O 6. Nf3 Qe8 7. Bg5 Na6 8. O-O h6 9. Bh4 e5 10. d5 Nh5 11. Ne1 Nf4 12. Nd3 g5 13. Bg3 f5 14. exf5 Bxf5 15. f3 Qg6 16. Nf2 Nc5 17. Qd2 a5 18. Rfe1 Rf7 19. Bf1 Raf8 20. Nce4 Nxe4 21. fxe4 Bc8 22. Qxa5 h5 23. Nd1 h4 24. Bf2 h3 25. g3 Ng2 26. Bxg2 hxg2 27. Re2 Bg4 28. Qe1 Bxe2 29. Qxe2 g4 30. Rc1 Rf3 31. Rc2 R8f6 32. Kxg2 Qh5 33. Kg1 Qh3 34. Qf1 Bh6 35. Qxh3 gxh3 36. Kf1 Kf7 37. Ke2 b6 38. b4 Ke8 39. c5 dxc5 40. bxc5 bxc5 41. Rxc5 Ra3 42. Nc3 Rb6 43. Rxc7 Rb2+ 44. Kf1 Bd2 45. Nd1 Rb1 46. Rc2 Rxd1+ 47. Ke2 Rh1 48. Rxd2 Rxh2 49. Rb2 Rxg3 50. Rb8+ Kd7 51. Rb7+ Kc8 52. Rf7 Ra3 53. d6 Rxa2+ 54. Ke3 Ra3+ 55. Ke2 Rg2 56. Kf1 Ra1+ 0-1

[Event "4NCL Div 1 2018-19"]
[Site "Daventry"]
[Date "2018.11.10"]
[Round "1"]
[White "Zeidler, Sven P."]
[Black "Taylor, Martin R"]
[Result "1/2-1/2"]
[ECO "C47"]
[WhiteElo "2179"]
[BlackElo "2337"]
[Annotator "NA"]
[PlyCount "92"]
[EventDate "2018.11.10"]
[EventType "team-tourn"]
[EventCountry "GBR"]
[SourceTitle "playchess.com"]
[Source "ChessBase"]
[SourceQuality "1"]
[TimeControl "40/6000+30:3000+30"]

1. e4 Nf6 2. Nc3 e5 3. Nf3 Nc6 4. Be2 d5 5. exd5 Nxd5 6. O-O Nxc3 7. bxc3 e4 {[%emt 0:01:47] C47: Scotch Four Knights and Four Knights with 4 g3} 8. Nd4 (8. Ne1 Bd6 9. f3 f5 10. fxe4 fxe4 11. Rb1 Qe7 12. d4 exd3 13. cxd3 Bd7 14. Rxb7 O-O-O 15. Rb2 {1-0 (29) Van Foreest,J (2629)-Giri,A (2752) Amstelveen 2017}) 8... Nxd4 9. cxd4 Qxd4 10. c3 Qd5 11. d4 Be7 12. f3 $146 ({Predecessor:} 12. c4 Qd8 13. f3 Bf6 14. Be3 c5 15. d5 exf3 16. Bxf3 Bxa1 17. Qxa1 O-O 18. Bxc5 Re8 19. Bh5 f6 20. Bxe8 Qxe8 21. Re1 Qg6 {½-½ (21) Yeritsyan,H (2149)-Tate,A (2399) Batumi 2018}) 12... O-O 13. fxe4 Qxe4 14. Bf3 Qg6 15. Bf4 Bd6 16. Bxd6 Qxd6 17. Rb1 c6 18. a4 Rb8 19. Qb3 Be6 20. Qb4 Rfd8 21. Qa5 Bd5 22. Qxa7 Ra8 23. Qb6 Rxa4 24. Qxb7 h6 25. Bxd5 Qxd5 26. Qb3 Ra7 27. Rfe1 Rc7 28. Re5 Qxb3 29. Rxb3 Rd5 30. Rxd5 cxd5 31. Kf2 f6 32. Ke3 Kf7 33. Kd3 h5 34. Rb8 g6 35. Rh8 Ke6 36. g3 Ra7 37. Rg8 Kf5 38. Rd8 Ke6 39. Rg8 Kf5 40. Rd8 Ke6 41. Re8+ Kf5 42. Re2 Ra6 43. h3 Ra1 44. Rf2+ Ke6 45. Re2+ Kf5 $11 46. Rf2+ Ke6 {[%emt 0:00:07] Ke4 [%emt 00:01:07] Ke5+} 1/2-1/2